 Dungeon Crawl Stone Soup version 0.25.1-2-g60ff931df9 (webtiles) character file.

Game seed: 9243403376482558477

1920 NebNelluc the Slinger (level 9, -2/60 HPs)
             Began as a Halfling Hunter on Oct 1, 2020.
             Was a Follower of Okawaru.
             Slain by an orc warrior
             ... wielding a +0 falchion
              (23 damage)
             ... on level 5 of the Dungeon.
             The game lasted 00:19:32 (5122 turns).

NebNelluc the Slinger (Halfling Hunter)             Turns: 5122, Time: 00:19:32

Health: -2/60      AC:  4    Str: 14    XL:     9   Next: 39%
Magic:  9/9        EV: 18    Int:  9    God:    Okawaru [*.....]
Gold:   322        SH:  0    Dex: 17    Spells: 8/8 levels left

rFire    . . .     SeeInvis .   d - +2 rapier (freeze)
rCold    . . .     Gourm    .   (shield restricted)
rNeg     . . .     Faith    .   c - +1 leather armour
rPois    .         Spirit   .   (no helmet)
rElec    .         Reflect  .   (no cloak)
rCorr    .         Harm     .   (no gloves)
MR       .....                  (no boots)
Stlth    ++........             (no amulet)
HPRegen  0.20/turn              (no ring)
MPRegen  0.11/turn              (no ring)

@: stab
A: small, mutation resistance 1
a: Heroism, Renounce Religion


You were on level 5 of the Dungeon.
You worshipped Okawaru.
Okawaru was aware of your devotion.
You were not hungry.

You visited 2 branches of the dungeon, and saw 6 of its levels.

You collected 322 gold pieces.

Inventory:

Hand Weapons
 a - a +2 hunting sling
 b - a +0 short sword
 d - a +2 rapier of freezing (weapon)
 r - a +0 dagger
Missiles
 g - 54 stones (quivered)
 m - 13 sling bullets
Armour
 c - a +1 leather armour (worn)
Jewellery
 j - an uncursed ring of stealth {unknown}
 q - a +4 ring of evasion {unknown}
Scrolls
 k - 2 scrolls of teleportation
 n - a scroll of fog
Potions
 i - 4 potions of curing
 l - 3 potions of stabbing
 o - a potion of degeneration
 p - a potion of magic {unknown}
 s - a potion of lignification {unknown}
Comestibles
 f - 13 rations


   Skills:
 + Level 4.9 Fighting
 + Level 5.9 Short Blades
 + Level 12.0 Slings
 + Level 5.9 Dodging
 - Level 1.1 Stealth


You had 8 spell levels left.
You didn't know any spells.
Your spell library was empty.

Dungeon Overview and Level Annotations

Branches:
Dungeon (5/15)             Temple (1/1) D:5

Altars:
Ashenzari
Cheibriados
Dithmenos
Elyvilon
Fedhas
Gozag
Hepliaklqana
Makhleb
Nemelex Xobeh
Okawaru
Qazlal
Ru
Sif Muna
Trog
Uskayaw
Vehumet
Xom
Yredelemnul
Zin
The Shining One


Innate Abilities, Weirdness & Mutations

You are small and have problems with some larger weapons.
You are somewhat resistant to further mutation.


Message History

The orc warrior is moderately wounded.
The orc warrior closely misses you.
You puncture the orc warrior! You freeze the orc warrior.
The orc warrior is heavily wounded.
The orc warrior hits you with a +0 great sword!!
You hit the orc warrior but do no damage.
The orc warrior is heavily wounded.
The orc warrior barely misses you.
You hit the orc warrior. You freeze the orc warrior.
The orc warrior is severely wounded.
The orc warrior hits you with a +0 great sword!
You are too injured to fight recklessly!
The orc warrior barely misses you.
You feel ready to backstab. The orc warrior completely misses you.
You hit the orc warrior but do no damage.
The orc warrior is severely wounded.
The orc warrior completely misses you.
The orc warrior hits you with a +0 falchion!!
You die...

o. ... ###... #......... #.#
###....# #.<.......###
#..###..<..÷# ##..........##
#.....#....#
#............#####...#.[..#
#......###(..##...........#
#......#)#(...............#
#......###..##...§........#
#........o@.(#(..§§....####
##.......o...........#.# ##
##....?####..#####..#.# .##
##########.....#...#..
..###### #......)###.........
#......#####.....####...##.##.
.........).......# ...# # .#
># .###########.....#..... ..
. >.####### #.........# ##


You could see 2 orc warriors.

Vanquished Creatures
  A hippogriff (D:5)
  Sigmund (D:2)
  Eustachio (D:5)
  Edmund (D:5)
  2 phantoms (D:5)
  An ice beast (D:4)
  A sky beast (D:4)
  3 ogres
  A bullfrog (D:4)
  A scorpion (D:3)
  A wight (D:5)
  2 hounds (D:5)
  An orc priest (D:4)
  2 orc wizards (D:4)
  A bullfrog skeleton (D:3)
  An iguana (D:4)
  4 worker ants
  4 gnolls (D:3)
  12 adders
  An ooze (D:3)
  2 worms
  6 leopard geckos
  9 orcs
  7 giant cockroaches
  11 goblins
  8 hobgoblins
  13 jackals
  A ball python skeleton (D:4)
  10 bats
  A frilled lizard (D:1)
  6 kobolds
  A leopard gecko skeleton (D:4)
  11 rats
128 creatures vanquished.

Notes
Turn   | Place    | Note
-------+----------+-------------------------------------------
     0 | D:1      | NebNelluc the Halfling Hunter began the quest for the Orb.
     0 | D:1      | Reached XP level 1. HP: 14/14 MP: 1/1
    90 | D:1      | Reached skill level 6 in Slings
   235 | D:1      | Reached XP level 2. HP: 18/19 MP: 2/2
   535 | D:1      | Reached skill level 7 in Slings
   535 | D:1      | Reached XP level 3. HP: 24/24 MP: 3/3
   942 | D:2      | Reached XP level 4. HP: 29/29 MP: 4/4
  1154 | D:2      | Reached skill level 8 in Slings
  1160 | D:2      | Noticed Sigmund
  1166 | D:2      | Killed Sigmund
  1166 | D:2      | Reached skill level 10 in Slings
  1166 | D:2      | Reached XP level 5. HP: 28/34 MP: 5/5
  1166 | D:2      | Reached XP level 6. HP: 32/39 MP: 6/6
  1291 | D:2      | Found a faded altar of an unknown god.
  1300 | D:2      | Became a worshipper of Sif Muna the Loreminder
  1300 | D:2      | Reached * piety under Sif Muna
  1616 | D:3      | Reached skill level 1 in Short Blades
  1866 | D:3      | Reached XP level 7. HP: 27/45 MP: 7/7
  2451 | D:3      | Reached ** piety under Sif Muna
  2933 | D:4      | Reached XP level 8. HP: 52/52 MP: 8/8
  3270 | D:4      | Reached skill level 11 in Slings
  3518 | D:4      | Found a sacrificial altar of Ru.
  3521 | D:4      | Found a bloodstained altar of Trog.
  3524 | D:4      | Found a hazy altar of Hepliaklqana.
  3542 | D:4      | Found a white marble altar of Elyvilon.
  3562 | D:4      | Fell from the grace of Sif Muna
  3562 | D:4      | Became a worshipper of Elyvilon the Healer
  3901 | D:5      | Entered Level 5 of the Dungeon
  3962 | D:5      | Found a staircase to the Ecumenical Temple.
  4019 | Temple   | Entered the Ecumenical Temple
  4280 | Temple   | Fell from the grace of Elyvilon
  4280 | Temple   | Became a worshipper of Warmaster Okawaru
  4302 | D:5      | Noticed Eustachio
  4323 | D:5      | Noticed a hippogriff
  4331 | D:5      | Killed a hippogriff
  4331 | D:5      | Reached skill level 5 in Dodging
  4449 | D:5      | Noticed Edmund
  4496 | D:5      | Killed Edmund
  4496 | D:5      | Reached skill level 5 in Short Blades
  4496 | D:5      | Reached XP level 9. HP: 15/58 MP: 9/9
  4812 | D:5      | Reached * piety under Okawaru
  4874 | D:5      | Killed Eustachio
  4901 | D:5      | Reached skill level 12 in Slings
  5122 | D:5      | Slain by an orc warrior

Illustrated notes

Levels and vault maps discovered:
D:1:      dpeg_arrival_snail, layout_rooms, serial_bayou_pond_e,
          minmay_fountain_box, st_stairs_6
D:2:      layout_loops_ring, chequers_ecumenical_altar_simple, uniq_sigmund
D:3:      layout_basic
D:4:      minmay_chambers_of_twos, layout_gridville,
          grunt_temple_overflow_cloverleaf, first_ration
D:5:      layout_rooms, minmay_temple_entry_purple_smoke, sword_in_stone,
          uniq_edmund
Temple:   eino_temple_rhombus

Skill      XL: |  1  2  3  4  5  6  7  8  9 |
---------------+----------------------------+-----
Slings         | 6 7 10 11 12 | 12.0
Fighting       | 2 3 4 |  4.9
Short Blades   | 1 3 5 |  5.9
Dodging        | 3 5 |  5.9
Stealth        | |  1.1

Action                   |  1- 3 |  4- 6 |  7- 9 || total
-------------------------+-------+-------+-------++-------
Melee: Rapier            |       |       |    19 ||    19
 Fire: Hunting sling     |    75 |   103 |   355 ||   533
Throw: Dart              |       |       |     7 ||     7
  Use: Scroll            |     2 |     5 |     4 ||    11
       Potion            |       |       |     1 ||     1
  Eat: Chunk             |       |     2 |    10 ||    12
Armor: Leather armour    |     3 |     3 |    15 ||    21
Dodge: Dodged            |     9 |    12 |   111 ||   132
